 Dungeon Crawl Stone Soup version 0.31-a0-164-g2312942fda (webtiles) character file.

Game seed: 2251278900450670353

77 qw the Shooter (level 4, -2/28 HPs)
             Began as a Gargoyle Hunter on June 13, 2023.
             Slain by Menkaure (5 damage)
             ... on level 3 of the Dungeon.
             The game lasted 00:00:44 (2072 turns).

qw the Shooter (Gargoyle Hunter)                    Turns: 2072, Time: 00:00:45

Health: -2/28      AC:  9    Str: 14    XL:     4   Next: 33%
Magic:  4/4        EV: 10    Int: 10    God:
Gold:   128        SH:  0    Dex: 15    Spells: 3/3 levels left

rFire   . . .        Y - +1 shortbow
rCold   . . .        (shield currently unavailable)
rNeg    + . .        j - +0 ring mail
rPois   inf          (no helmet)
rElec   +            (no cloak)
rCorr   .            (no gloves)
SInv    .            k - +0 pair of boots
Will    .....        (no amulet)
Stlth   +            (no ring)
HPRegen 0.24/turn    (no ring)
MPRegen 0.09/turn

%: no passive effects
@: no status effects
A: sickness immunity, AC +3, negative energy resistance 1, electricity
resistance, torment resistance 1, petrification resistance
a: no special abilities


You were on level 3 of the Dungeon.
You visited 1 branch of the dungeon, and saw 4 of its levels.

You collected 128 gold pieces.


Innate Abilities, Weirdness & Mutations

You are immune to sickness and miasma.
Your stone body is resilient. (AC +3)
You are immune to poison.
You resist negative energy. (rN+)
You are resistant to electric shocks. (rElec)
You are resistant to unholy torment.
You are immune to petrification.


   Skills:
 - Level 3.0 Fighting
 - Level 5.2 Ranged Weapons
 + Level 0.7 Armour
 - Level 1.5 Dodging
 - Level 1.1 Stealth


You had 3 spell levels left.
You didn't know any spells.
Your spell library was empty.

Inventory:

Hand Weapons
 Y - a +1 shortbow (weapon)
Armour
 j - a +0 ring mail (worn)
 k - a +0 pair of boots (worn)
Jewellery
 i - a ring of fire
Wands
 d - a wand of digging (2)
Scrolls
 a - a scroll of identify
Potions
 e - a potion of curing {unknown}
 f - a potion of mutation {unknown}
 h - a potion of attraction {unknown}
 l - a potion of might {unknown}
 m - a potion of degeneration {unknown}

Dungeon Overview and Level Annotations

Branches:
Dungeon (4/15)
 Temple: D:4-7

Altars:

Annotations:
D:3 Menkaure


Message History

You shoot an arrow. The arrow completely misses Menkaure.
You shoot an arrow. The arrow hits Menkaure.
Menkaure is lightly damaged.
Menkaure casts a spell at you. Pain shoots through your body!
You shoot an arrow.
The arrow hits Menkaure but does no damage.
Menkaure is lightly damaged.
Menkaure calls on the powers of darkness!
Your body is wracked with pain!
2064 ||| STAIRDANCE Menkaure casts a spell.
Menkaure seems to speed up.
You climb upwards.
There is a stone staircase leading down here.
You shoot an arrow. The arrow completely misses Menkaure.
Menkaure closely misses you.
Menkaure calls on the powers of darkness!
Your body is wracked with pain!
You shoot an arrow. The arrow hits Menkaure.
Menkaure is moderately damaged.
Menkaure barely misses you.
You shoot an arrow.
The arrow hits Menkaure but does no damage.
Menkaure is moderately damaged.
Menkaure barely misses you. x2
You shoot an arrow. The arrow hits Menkaure!
Menkaure is heavily damaged.
Menkaure casts a spell at you. Pain shoots through your body!
You shoot an arrow. The arrow hits Menkaure.
Menkaure is severely damaged.
Menkaure hits you. Menkaure hits you!
You shoot an arrow. The arrow hits Menkaure.
Menkaure is almost destroyed.
Menkaure hits you but does no damage.
You shoot an arrow. The arrow hits Menkaure.
Menkaure is almost destroyed.
Menkaure hits you.
You die...

#.###.## #########.### ...#...#
#.# .##.##.### #.# .##......# #.#
.#####.#.##########.# #####
.......#.#.).....##.####...##
########.#.#####.##.#.......#
#.#.##.......#...)...#
#.......M@.:.#.......# #####
###.....%.####..#....# ....##
###...### #[.#..#># .....# #...#
#..#..#.## ###..# #...#
#........#### ..#..# #...#
###.......... .....# #...#
#........####
#.#..#######...######.#..###.##..
......................#..# #.##..


You could see Menkaure (fast).

Vanquished Creatures
  An adder (D:3)
  A dart slug (D:3)
  5 bats
  8 endoplasms
  4 giant cockroaches
  3 goblins
  5 hobgoblins
  6 jackals
  3 quokkas (D:1)
  5 ball pythons
  4 frilled lizards
  4 kobolds
  10 rats
59 creatures vanquished.

Notes
Turn   | Place    | Note
-------+----------+-------------------------------------------
     0 | D:1      | qw the Gargoyle Hunter began the quest for the Orb.
     0 | D:1      | Reached XP level 1. HP: 12/12 MP: 1/1
     0 | D:1      | 0 ||| qw: Version: 0.2-a-29-gc1b59c4
     0 | D:1      | 0 ||| qw: Game counter: 4554
     0 | D:1      | 0 ||| qw: Always use a shield: true
     0 | D:1      | 0 ||| qw: God list: Okawaru
     0 | D:1      | 0 ||| qw: Allow faded altars: false
     0 | D:1      | 0 ||| qw: Do Orc after D:15 true
     0 | D:1      | 0 ||| qw: Do second Lair branch before Depths: true
     0 | D:1      | 0 ||| qw: Lair rune preference: random
     0 | D:1      | 0 ||| qw: Plans: Normal, Zot:1-4, Slime:5, God:TSO, Crypt,
                  | Tomb, Abyss, Pan, Hells, Win
     0 | D:1      | 0 ||| PLANNING D:1-11
    96 | D:1      | Reached XP level 2. HP: 17/17 MP: 2/2
   363 | D:1      | Reached XP level 3. HP: 21/21 MP: 3/3
   371 | D:1      | Reached skill level 5 in Ranged Weapons
   657 | D:1      | 657 ||| DROPPING ring of magical power.
   658 | D:1      | 658 ||| READING scroll labelled CIETWI QASAC.
   659 | D:1      | 659 ||| DROPPING scroll of butterflies.
  1298 | D:2      | 1298 ||| DROPPING ring of flight.
  1299 | D:2      | 1299 ||| READING 2 scrolls labelled FUOLUV YCKEJ.
  1300 | D:2      | 1300 ||| READING scroll labelled DUBONWE GITANE.
  1301 | D:2      | 1301 ||| READING scroll labelled HOETOFR XYTHREIL.
  1306 | D:2      | 1306 ||| READING scroll labelled ANENOF FUREMN.
  1389 | D:3      | Reached skill level 3 in Fighting
  1586 | D:3      | Reached XP level 4. HP: 24/28 MP: 4/4
  1952 | D:3      | 1952 ||| UPGRADING to +0 ring mail.
  1962 | D:3      | 1962 ||| DROPPING +0 leather armour.
  1963 | D:3      | 1963 ||| UPGRADING to +0 pair of boots.
  1968 | D:3      | 1968 ||| READING 2 scrolls labelled MENYOR TUPNYSK.
  1969 | D:3      | 1969 ||| READING scroll labelled LOUCSA PULEOHYSH.
  1970 | D:3      | 1970 ||| DROPPING scroll of fog.
  2010 | D:4      | Noticed Menkaure
  2017 | D:4      | 2017 ||| STAIRDANCE
  2064 | D:4      | 2064 ||| STAIRDANCE
  2070 | D:3      | HP: 2/28 [Menkaure (11)]
  2072 | D:3      | Slain by Menkaure

Levels and vault maps discovered:
D:1:      psy_arrival_conway, layout_basic, chequers_serial_rivers_small_b
D:2:      layout_basic
D:3:      layout_loops_cross
D:4:      layout_cave_pools, kennysheep_slug_shrine, minmay_pentomino_pile,
          uniq_menkaure

Skill      XL: |  1  2  3 |
---------------+----------+-----
Ranged Weapons | 5 |  5.2
Fighting       | 3 |  3.0
Armour         | |  0.7
Dodging        | |  1.5
Stealth        | |  1.1

Action                     |  1- 3 |  4- 6 || total
---------------------------+-------+-------++-------
   Fire: Shortbow          |   103 |    38 ||   141
    Use: Scroll            |     5 |     2 ||     7
 Armour: Leather armour    |     9 |     2 ||    11
         Ring mail         |       |     4 ||     4
  Dodge: Dodged            |    16 |     5 ||    21

Table legend:
 A = Non-vault XP
 B = Vault XP
 C = Vault XP percentage of total XP
 D = Non-vault monster count
 E = Vault monster count
 F = Vault count percentage of total count
                 A         B        C        D         E       F
            +---------+---------+-------+---------+---------+-------
      Total |     110 |       0 |   0.0 |      59 |       0 |   0.0
            +---------+---------+-------+---------+---------+-------
        D:1 |      49 |       0 |   0.0 |      30 |       0 |   0.0
        D:2 |      16 |       0 |   0.0 |      10 |       0 |   0.0
        D:3 |      45 |       0 |   0.0 |      19 |       0 |   0.0
            +---------+---------+-------+---------+---------+-------
